 Dungeon Crawl Stone Soup version 0.30-a0-347-gf58ed5266c (webtiles) character file.

Game seed: 6173177526654427379

54 hikkokomori the Ruffian (level 3, 0/29 HPs)
             Began as a Draconian Transmuter on Nov 7, 2022.
             Frozen to death by an endoplasm (3 damage)
             ... on level 3 of the Dungeon.
             The game lasted 00:02:20 (1699 turns).

hikkokomori the Ruffian (Draconian Transmuter)      Turns: 1699, Time: 00:02:21

Health: 0/29       AC:  5    Str: 12    XL:     3   Next: 66%
Magic:  5/6        EV: 12    Int: 15    God:
Gold:   91         SH:  0    Dex: 11    Spells: 2/6 levels left

rFire   . . .      SeeInvis .      - Unarmed
rCold   . . .      Faith    .    (no shield)
rNeg    . . .      Spirit   .    (body armour unavailable)
rPois   .          Reflect  .    (helmet currently unavailable)
rElec   .          Harm     .    (no cloak)
rCorr   .          Rampage  .    (no gloves)
Will    .....                    (boots currently unavailable)
Stlth   +.........               (no amulet)
HPRegen 0.24/turn                (no ring)
MPRegen 0.10/turn                (no ring)

@: appendages, slowed, very slow
A: horns 2, talons 2, AC +5, unfitting armour, cold-blooded
a: End Transformation


You were on level 3 of the Dungeon.
You had temporarily grown beastly horns and talons.
You visited 1 branch of the dungeon, and saw 3 of its levels.

You collected 91 gold pieces.

Inventory:

Jewellery
 h - a ring of wizardry
 i - an amulet of reflection
Wands
 g - a wand of flame (14)
Scrolls
 f - a scroll of magic mapping {unknown}
 j - a scroll of immolation {unknown}
 k - 2 scrolls of poison {unknown}
 l - a scroll of identify {unknown}
 m - a scroll of teleportation {unknown}
Potions
 a - 2 potions of lignification
 b - a potion of attraction {unknown}
 c - a potion of mutation {unknown}
 d - 2 potions of curing {unknown}
 e - a potion of heal wounds {unknown}


   Skills:
 + Level 1.9 Fighting
 - Level 2.1 Dodging
 + Level 3.3 Unarmed Combat
 + Level 2.4 Spellcasting
 + Level 2.5 Transmutations
 + Level 0.4 Poison Magic


You had 2 spell levels left.
You knew the following spells:

 Your Spells              Type           Power      Damage    Failure   Level
a - Beastly Appendage     Tmut           18%        N/A       8%          1
b - Spider Form           Tmut/Pois      6%         N/A       34%         3

Your spell library contained the following spells:

 Spells                   Type           Power      Damage    Failure   Level
 Wereblood                Tmut           9%         N/A       12%         2
 Freeze                   Ice            4%         1d3       22%         1
 Magic Dart               Conj           4%         1d3       22%         1
 Searing Ray              Conj           2%         2d4       32%         2
 Frozen Ramparts          Ice            2%         1d1       54%         3
 Hailstorm                Conj/Ice       1%         3d3       54%         3
 Ice Form                 Ice/Tmut       5%         N/A       77%         4
 Fulminant Prism          Conj/Hex       0%         3d5       91%         4


Dungeon Overview and Level Annotations

Branches:
Dungeon (3/15)

Altars:
Lugonu

Shops:
D:1 *

Portals:
Abyss: D:3

Annotations:
D:3 2 runed translucent doors


Innate Abilities, Weirdness & Mutations

You have temporarily grown beastly horns and talons.
Your plain brown scales are hard. (AC +5)
You cannot fit into any form of body armour.
You are cold-blooded and may be slowed by cold attacks.


Message History

You climb downwards.
Level annotation: 2 runed translucent doors
There is a stone staircase leading up here.
You hit the gnoll.
The gnoll is moderately wounded.
The gnoll hits you with a +0 spear. The endoplasm freezes you.
You are frozen.
You grow a pair of large bovine horns.
Your feet morph into talons.
The gnoll barely misses you. The endoplasm hits you.
You closely miss the gnoll. Your kick misses the gnoll.
The gnoll is moderately wounded.
The gnoll hits you with a +0 spear!
* * * LOW HITPOINT WARNING * * *
The endoplasm completely misses you.
You are too injured to fight recklessly!
Unknown command.
You are too injured to fight recklessly!
Unknown command.
You are too injured to fight recklessly!
You hit the gnoll. You claw the gnoll. You punch the gnoll.
You kill the gnoll!
The endoplasm freezes you.
You are frozen.
* * * LOW HITPOINT WARNING * * *
You feel yourself slow down.
Unknown command.
You barely miss the endoplasm.
You claw the endoplasm, but do no damage.
The endoplasm hits you.
* * * LOW HITPOINT WARNING * * *
Unknown command.
You hit the endoplasm but do no damage.
The endoplasm hits you but does no damage.
Unknown command.
You completely miss the endoplasm. You claw the endoplasm.
The endoplasm is lightly wounded.
The endoplasm freezes you.
You are frozen.
You die...

#........#.......##.#
#.#......#.......##.#
#.#......#.......##.#
#........##########.######## #
########## #.............#
##################.####.######.#
.................#.#.........#.#
########.#.##..).J.#.##.####.#.#
.# #.#......@..#.##.# #.#.#
.#######.####......#.##.# #.#.#
...........##......#.##.# #.#.#
..######.#.##......#.##.# #.#.#
..#.............<..#.##.# #.#.##
#....###.#.##......#.##.####.#...
#.#### #.#.##......#.##.#....####
#.## #.#.##......#.##.#....# #..#
#.#.##......#.........#


You could see an endoplasm.

Vanquished Creatures
  A gnoll (D:3)
  A worm (D:3)
  2 bats
  3 endoplasms
  3 giant cockroaches
  3 goblins (D:1)
  4 hobgoblins (D:3)
  3 quokkas (D:1)
  5 ball pythons
  6 frilled lizards
  4 kobolds
  4 rats
39 creatures vanquished.

Notes
Turn   | Place    | Note
-------+----------+-------------------------------------------
     0 | D:1      | hikkokomori the Draconian Transmuter began the quest for
                  | the Orb.
     0 | D:1      | Reached XP level 1. HP: 16/16 MP: 3/3
   115 | D:1      | Reached XP level 2. HP: 23/23 MP: 3/5
   366 | D:1      | Found Nofimo's General Store.
   838 | D:3      | Reached XP level 3. HP: 29/29 MP: 4/6
   842 | D:3      | Learned a level 3 spell: Spider Form
  1035 | D:3      | Found a large runed translucent door.
  1036 | D:3      | Found a large runed translucent door.
  1045 | D:3      | Found a corrupted altar of Lugonu.
  1603 | D:3      | Found a one-way gate to the infinite horrors of the Abyss.
  1699 | D:3      | Frozen to death by an endoplasm

Illustrated notes

Levels and vault maps discovered:
D:1:      onia_arrival_pyramid, layout_rooms, serial_shops,
          nicolae_shop_behind_doors
D:2:      layout_loops_ring
D:3:      due_chaos_kobolds, layout_basic

Skill      XL: |  1  2 |
---------------+-------+-----
Dodging        | 2 |  2.1
Fighting       | |  1.9
Unarmed Combat | |  3.3
Spellcasting   | |  2.4
Transmutations | |  2.5
Poison Magic   | |  0.4

Action                   || total
-------------------------++-------
Melee: Unarmed           ||    94
       Kick              ||    24
       Headbutt          ||     9
       Punch             ||     4
       Tailslap          ||    10
 Cast: Beastly Appendage ||    49
Evoke: Wand              ||     1
  Use: Scroll            ||     2
Armor: Skin              ||    36
Dodge: Dodged            ||    62

Table legend: (Time is in decaauts)
 A = Elapsed time spent in this place.
 B = Non-inter-level travel time spent in this place.
 C = Inter-level travel time spent in this place.
 D = Time resting spent in this place.
 E = Time spent auto-exploring this place.
 F = Levels seen in this place.
 G = Mean time per level.
                   A        B        C        D        E       F      G
               +--------+--------+--------+--------+--------+-----+--------+
         Total |   1696 |   1634 |     62 |     78 |   1269 |   3 |  565.3 |
       Dungeon |   1696 |   1634 |     62 |     78 |   1269 |   3 |  565.3 |
               +--------+--------+--------+--------+--------+-----+--------+

Top non-repeatable levels by time:
     D:3: 1003 daAuts
     D:1: 542 daAuts
     D:2: 149 daAuts
